 Dungeon Crawl Stone Soup version 0.31-a0-152-g6aa68a64a1 (webtiles) character file.

Game seed: 1734572598097029802

426 qw the Skirmisher (level 6, 0/52 HPs)
             Began as a Minotaur Hunter on June 9, 2023.
             Slain by an orc warrior
             ... wielding a +0 trident
              (4 damage)
             ... on level 4 of the Dungeon.
             The game lasted 00:01:14 (3265 turns).

qw the Skirmisher (Minotaur Hunter)                 Turns: 3265, Time: 00:01:15

Health: 0/52       AC:  5    Str: 15    XL:     6   Next: 64%
Magic:  5/5        EV: 11    Int:  6    God:
Gold:   183        SH:  0    Dex: 16    Spells: 5/5 levels left

rFire   . . .        Y - +1 shortbow
rCold   . . .        (shield currently unavailable)
rNeg    . . .        h - +0 ring mail
rPois   .            (helmet restricted)
rElec   .            (no cloak)
rCorr   .            (no gloves)
SInv    .            (no boots)
Will    .....        (no amulet)
Stlth   +            (no ring)
HPRegen 0.28/turn    (no ring)
MPRegen 0.09/turn

%: no passive effects
@: no status effects
A: horns 2, retaliatory headbutt
a: no special abilities


You were on level 4 of the Dungeon.
You visited 1 branch of the dungeon, and saw 4 of its levels.

You collected 225 gold pieces.
You spent 42 gold pieces at shops.


Innate Abilities, Weirdness & Mutations

You have a pair of horns on your head.
You reflexively headbutt those who attack you in melee.


   Skills:
 + Level 4.0 Fighting
 - Level 8.1 Ranged Weapons
 - Level 1.6 Armour
 - Level 2.1 Dodging
 - Level 0.7 Stealth


You had 5 spell levels left.
You didn't know any spells.
Your spell library was empty.

Inventory:

Hand Weapons
 Y - a +1 shortbow (weapon)
Armour
 h - a +0 ring mail (worn)
Scrolls
 b - a scroll of summoning {unknown}
 e - a scroll of immolation {unknown}
 i - 4 scrolls of identify
Potions
 a - a potion of attraction {unknown}
 c - a potion of might
 d - a potion of curing

Dungeon Overview and Level Annotations

Branches:
Dungeon (4/15)
 Temple: D:4-7

Altars:
Elyvilon
Hepliaklqana
Vehumet
Yredelemnul

Shops:
D:1 ::   D:2 !

Annotations:
D:3 1 runed translucent door, Crazy Yiuf
D:4 2 transporters, qw's ghost, amateur MiHu


Message History

Enter note:
Enter note:
Enter note:
Enter note:
Enter note:
Enter note:
Enter note:
Enter note: You shoot an arrow.
The arrow barely misses the orc.
The orc hits you with a +0 hand axe.
You shoot an arrow. The arrow hits the orc!
You kill the orc!
You shoot an arrow. The arrow closely misses the orc.
The orc hits you with a +0 whip.
The orc warrior hits you from afar with a +0 trident!
You shoot an arrow. The arrow closely misses the orc.
The orc barely misses you. The orc warrior barely misses you.
You shoot an arrow. The arrow hits the orc!
You kill the orc!
The orc warrior hits you from afar with a +0 trident!
3259 ||| Stepping ~*~*~tactically~*~*~ (outnumbered).
You shoot an arrow. The arrow hits the orc warrior.
The orc warrior is lightly wounded.
The orc warrior completely misses you.
You shoot an arrow. The arrow hits the orc warrior.
The orc warrior is moderately wounded.
The orc warrior closely misses you.
You shoot an arrow.
The arrow barely misses the orc warrior.
The orc warrior barely misses you.
You shoot an arrow. The arrow hits the orc warrior.
The orc warrior is heavily wounded.
The orc warrior hits you from afar with a +0 trident! x2
You shoot an arrow.
The arrow closely misses the orc warrior.
The orc warrior hits you from afar with a +0 trident!
You shoot an arrow.
The arrow barely misses the orc warrior.
The orc warrior hits you from afar with a +0 trident.
You die...

#########
...oo.o.#
#.# #@#
#.##########
#.##.......#
#....#####.#
##########.#
#....##.#
#.##.##%##
#.#......#
#.#..#####


You could see an orc warrior.

Vanquished Creatures
  An ogre (D:4)
  A phantom (D:4)
  A scorpion (D:4)
  Jessica (D:2)
  Robin (D:4)
  4 gnolls (D:2)
  4 adders
  2 worms
  A dart slug (D:3)
  3 orcs
  5 ball pythons
  2 bats
  6 endoplasms
  3 giant cockroaches
  18 goblins
  9 hobgoblins
  3 jackals (D:3)
  8 kobolds
  3 quokkas
  2 frilled lizards
  6 rats
84 creatures vanquished.

Notes
Turn   | Place    | Note
-------+----------+-------------------------------------------
     0 | D:1      | qw the Minotaur Hunter began the quest for the Orb.
     0 | D:1      | Reached XP level 1. HP: 18/18 MP: 0/0
     0 | D:1      | 0 ||| qw: Version: 0.2-a-122-gbc61b45
     0 | D:1      | 0 ||| qw: Game counter: 3443
     0 | D:1      | 0 ||| qw: Always use a shield: true
     0 | D:1      | 0 ||| qw: God list: Okawaru
     0 | D:1      | 0 ||| qw: Allow faded altars: false
     0 | D:1      | 0 ||| qw: Do Orc after D:15 true
     0 | D:1      | 0 ||| qw: Do second Lair branch before Depths: true
     0 | D:1      | 0 ||| qw: Lair rune preference: random
     0 | D:1      | 0 ||| qw: Plans: Normal
     0 | D:1      | 0 ||| PLANNING D:1-11
    84 | D:1      | Reached XP level 2. HP: 21/25 MP: 1/1
    85 | D:1      | Reached skill level 5 in Ranged Weapons
   252 | D:1      | Found Coreaxod's Vocational Training.
   349 | D:1      | Reached skill level 3 in Fighting
   631 | D:1      | Found Iliwu's Book Shop.
   738 | D:1      | 738 ||| UPGRADING to +0 ring mail.
   748 | D:1      | 748 ||| DROPPING +0 leather armour.
   749 | D:1      | 749 ||| READING 2 scrolls labelled ILEPHIUMER.
   750 | D:1      | 750 ||| READING scroll labelled ACOEPLO VATEW.
   751 | D:1      | 751 ||| READING 4 scrolls labelled SIUT REHOWURPHE.
   752 | D:1      | 752 ||| READING scroll labelled QUZEOPR UDUCYL.
   753 | D:1      | 753 ||| DRINKING 2 glowing dark potions.
   857 | D:1      | 857 ||| READING 3 scrolls of identify.
   857 | D:1      | 857 ||| IDENTIFYING metallic pink potion
   858 | D:1      | 858 ||| DROPPING scroll of amnesia.
   859 | D:1      | 859 ||| DROPPING scroll of butterflies.
   860 | D:1      | 860 ||| DROPPING potion of berserk rage.
   861 | D:1      | 861 ||| DROPPING potion of degeneration.
   895 | D:2      | Reached XP level 3. HP: 31/31 MP: 2/2
   962 | D:2      | 962 ||| Stepping ~*~*~tactically~*~*~ (outnumbered).
   965 | D:2      | Reached skill level 1 in Armour
   977 | D:2      | Reached XP level 4. HP: 29/38 MP: 3/3
  1102 | D:2      | Found Jyebefim's Distillery.
  1200 | D:2      | 1200 ||| SHOPLISTING potion of cancellation (112 gold, have
                  | 72).
  1200 | D:2      | 1200 ||| BUYING potion of curing (42 gold).
  1200 | D:2      | Bought a potion of curing for 42 gold pieces
  1200 | D:2      | 1200 ||| SHOPLISTING potion of curing (42 gold, have 30).
  1200 | D:2      | 1200 ||| SHOPLISTING potion of haste (140 gold, have 30).
  1200 | D:2      | 1200 ||| SHOPLISTING potion of mutation (112 gold, have
                  | 30).
  1240 | D:2      | Noticed Jessica
  1242 | D:2      | Killed Jessica
  1243 | D:2      | Reached skill level 6 in Ranged Weapons
  1269 | D:2      | Found a white marble altar of Elyvilon.
  1518 | D:2      | 1518 ||| READING scroll labelled SUBBYT HAZIUNIGO.
  1519 | D:2      | 1519 ||| DRINKING 2 fizzy white potions.
  1520 | D:2      | 1520 ||| READING 3 scrolls of identify.
  1520 | D:2      | 1520 ||| IDENTIFYING murky puce potion
  1521 | D:2      | 1521 ||| DROPPING potion of brilliance.
  1523 | D:2      | 1523 ||| Stepping ~*~*~tactically~*~*~ (cloud).
  1528 | D:2      | HP: 9/38 [poisoned by you (poison gas)]
  1533 | D:2      | HP: 6/38 [poisoned by you (poison gas)]
  1822 | D:3      | Found a runed translucent door.
  1823 | D:3      | Noticed Crazy Yiuf
  1877 | D:3      | Found a faded altar of an unknown god.
  2116 | D:3      | Found a hazy altar of Hepliaklqana.
  2120 | D:3      | Reached XP level 5. HP: 46/46 MP: 4/4
  2273 | D:3      | Found a radiant altar of Vehumet.
  2278 | D:3      | Found a basalt altar of Yredelemnul.
  2278 | D:3      | Found a white marble altar of Elyvilon.
  2579 | D:4      | Noticed Robin
  2590 | D:4      | Killed Robin
  2591 | D:4      | 2591 ||| FLEEEEING.
  2592 | D:4      | 2592 ||| STAIRDANCE
  2783 | D:4      | Reached skill level 7 in Ranged Weapons
  3008 | D:4      | Noticed an ogre
  3015 | D:4      | Killed an ogre
  3016 | D:4      | Reached XP level 6. HP: 52/52 MP: 5/5
  3077 | D:4      | Found a transporter.
  3101 | D:4      | Found a transporter.
  3104 | D:4      | Noticed qw's ghost (amateur MiHu)
  3134 | D:4      | Reached skill level 8 in Ranged Weapons
  3253 | D:4      | Noticed an orc warrior
  3259 | D:4      | 3259 ||| Stepping ~*~*~tactically~*~*~ (outnumbered).
  3263 | D:4      | HP: 13/52 [orc warrior/+0 trident (12)]
  3264 | D:4      | HP: 3/52 [orc warrior/+0 trident (10)]
  3265 | D:4      | Slain by an orc warrior

Levels and vault maps discovered:
D:1:      minmay_arrival_doors, layout_basic, serial_glass, glass_columns_a,
          glass_columns_a, serial_shops, nicolae_shop_behind_doors,
          nicolae_shop_vocational
D:2:      layout_loops_cross, basic_altar, serial_shops,
          nicolae_shop_statue_plus, uniq_jessica
D:3:      layout_basic, nicolae_overflow_crystal_walls,
          grunt_temple_overflow_open, ebering_ecumenical_altar_petrified,
          uniq_crazy_yiuf_cottage
D:4:      layout_basic, gammafunk_ghost_mausoleum,
          hangedman_abyss_or_decor_stagger, uniq_robin

Skill      XL: |  1  2  3  4  5  6 |
---------------+-------------------+-----
Ranged Weapons | 5 6 7 8 |  8.1
Fighting       | 3 4 |  4.0
Armour         | 1 |  1.6
Dodging        | |  2.1
Stealth        | |  0.7

Action                     |  1- 3 |  4- 6 || total
---------------------------+-------+-------++-------
   Fire: Shortbow          |    82 |   163 ||   245
    Use: Scroll            |     5 |     2 ||     7
         Potion            |     1 |     1 ||     2
 Armour: Leather armour    |     7 |       ||     7
         Ring mail         |     2 |    13 ||    15
  Dodge: Dodged            |    22 |    39 ||    61

Table legend:
 A = Non-vault XP
 B = Vault XP
 C = Vault XP percentage of total XP
 D = Non-vault monster count
 E = Vault monster count
 F = Vault count percentage of total count
                 A         B        C        D         E       F
            +---------+---------+-------+---------+---------+-------
      Total |     536 |      73 |  12.0 |      72 |      12 |  14.3
            +---------+---------+-------+---------+---------+-------
        D:1 |      36 |       0 |   0.0 |      20 |       0 |   0.0
        D:2 |      99 |      37 |  27.2 |      15 |       1 |   6.2
        D:3 |      55 |       0 |   0.0 |      22 |       0 |   0.0
        D:4 |     346 |      36 |   9.4 |      15 |      11 |  42.3
            +---------+---------+-------+---------+---------+-------
